 Dungeon Crawl Stone Soup version 0.30-a0-694-g3340775977 (webtiles) character file.

Game seed: 16307138400975857542

0 Drevant2 the Magician (level 1, 0/15 HPs)
             Began as a Djinni Fire Elementalist on Jan 20, 2023.
             Slain by an adder (3 damage)
             ... on level 2 of the Dungeon.
             The game lasted 00:00:31 (64 turns).

Drevant2 the Magician (Djinni Fire Elementalist)      Turns: 64, Time: 00:00:31

Health: 0/15       AC:  2    Str:  7    XL:     1   Next: 11%
Gold:   12         EV: 12    Int: 16    God:
                   SH:  0    Dex: 13

rFire   + + .      SeeInvis .    (no weapon)
rCold   x . .      Faith    .    (no shield)
rNeg    . . .      Spirit   .    a - +0 robe
rPois   ∞          Reflect  .    (no helmet)
rElec   .          Harm     .    (no cloak)
rCorr   .          Rampage  .    (no gloves)
Will    .....                    (boots unavailable)
Stlth   ++                       (no amulet)
HPRegen 0.22/turn                (no ring)
MPRegen 0.00/turn                (no ring)

@: flying
A: sickness immunity, fire resistance 2, cold vulnerability 1, float, innate
caster, HP casting, extra vitality 1
a: no special abilities


You were on level 2 of the Dungeon.
You visited 1 branch of the dungeon, and saw 2 of its levels.

You collected 12 gold pieces.

Inventory:

Armour
 a - a +0 robe (worn)
Potions
 b - a potion of magic
 c - 2 potions of brilliance {unknown}
 d - a potion of curing {unknown}


   Skills:
 - Level 2.1 Dodging
 - Level 1.5 Stealth
 + Level 2.4 Spellcasting


You couldn't memorise any spells.
You knew the following spells:

 Your Spells              Type           Power      Damage    Failure   Level
a - Foxfire               Conj/Fire      36%        2x1d5     8%          1
b - Scorch                Fire           18%        2d6       11%         2
c - Kindle Blastsparks    Fire/Tloc/Air  18%        2d11      22%         3
d - Inner Flame           Hex/Fire       9%         N/A       22%         3
e - Flame Wave            Conj/Fire      9%         2d6       58%         4
Your spell library was empty.

Dungeon Overview and Level Annotations

Branches:
Dungeon (2/15)

Altars:


Innate Abilities, Weirdness & Mutations

You are immune to sickness and miasma.
You are immune to poison.
Your flesh is very heat resistant. (rF++)
You are vulnerable to cold. (rC-)
You float through the air rather than walking.
You learn spells naturally, not from books.
Your magical power is your life essence.
You have superior vitality. (+4 MHP)


Message History

Casting: Foxfire (safe; 8% risk of failure)
Confirm with . or Enter, or press ? or * to list all spells.
You conjure some foxfire!
* * * LOW HITPOINT WARNING * * *
The foxfire hits the bat.
You kill the bat!
Your foxfire dissipates!
You start resting.
A quokka is nearby!
A quokka is nearby!
A quokka is nearby!
A quokka is nearby!
You hit the quokka but do no damage. The quokka barely misses you.
You barely miss the quokka. The quokka barely misses you.
The quokka closely misses you.
You hit the quokka but do no damage. The quokka closely misses you.
The quokka attacks as you move away! The quokka barely misses you.
The quokka attacks as you move away! The quokka bites you.
* * * LOW HITPOINT WARNING * * *
An adder comes into view.
Found 10 gold pieces.
The quokka barely misses you.
An adder comes into view.
The adder hisses angrily.
You barely miss the adder.
The adder hisses angrily.
The quokka bites you but does no damage.
The adder misses you. The quokka closely misses you.
You barely miss the adder. The adder closely misses you. The adder bites you.
* * * LOW HITPOINT WARNING * * *
The quokka bites you but does no damage.
The adder bites you but does no damage. The quokka misses you.
The adder bites you.
* * * LOW HITPOINT WARNING * * *
The quokka attacks as you move away! The quokka bites you.
* * * LOW HITPOINT WARNING * * *
The adder misses you. The adder attacks as you move away!
The adder closely misses you. The adder barely misses you. The adder bites you.
You die...

###########
####.........#
#............#
#..........$.#
#............# #####
##............###...####
........S.........#..>.#
#.....@S.....#####....#
#......r........##....#
##.#...................
# #####.#...........^.
#..............#
###............#
#............#
.........§.. ..........


You could see 2 adders and a quokka.

Vanquished Creatures
  A bat (D:2)
1 creature vanquished.

Vanquished Creatures (others)
  5 foxfires
5 creatures vanquished.

Grand Total: 6 creatures vanquished

Notes
Turn   | Place    | Note
-------+----------+-------------------------------------------
     0 | D:1      | Drevant2 the Djinni Fire Elementalist began the quest for
                  | the Orb.
     0 | D:1      | Drevant2 set off with the following spells memorised:
                  | Foxfire, Scorch, Kindle Blastsparks, Inner Flame, Flame
                  | Wave.
     0 | D:1      | Reached XP level 1. HP: 15/15 MP: 0/0
    25 | D:1      | You are sucked into a shaft and drop 1 floor!
    64 | D:2      | Slain by an adder

Illustrated notes

Levels and vault maps discovered:
D:1:      elethiomel_arrival_quiet, layout_rooms, fountainhead
D:2:      layout_rooms, feat_on_display

Action                   || total
-------------------------++-------
Melee: Unarmed           ||     9
 Cast: Foxfire           ||     3
Armor: Robe              ||     4
Dodge: Dodged            ||    22

Table legend: (Time is in decaauts)
 A = Elapsed time spent in this place.
 B = Non-inter-level travel time spent in this place.
 C = Inter-level travel time spent in this place.
 D = Time resting spent in this place.
 E = Time spent auto-exploring this place.
 F = Levels seen in this place.
 G = Mean time per level.
                   A        B        C        D        E       F      G
               +--------+--------+--------+--------+--------+-----+--------+
         Total |     63 |     63 |      0 |      6 |     21 |   2 |   31.5 |
       Dungeon |     63 |     63 |      0 |      6 |     21 |   2 |   31.5 |
               +--------+--------+--------+--------+--------+-----+--------+

Top non-repeatable levels by time:
     D:2: 38 daAuts
     D:1: 25 daAuts
